AoeStats
← Fluvialgeomorphologist

Arabia

505385228Analyzed
4v4 RM · 23d ago on Sep 9, 2026· 54m 0s· 8 players
Game mode
Random Map
Map size
Large (8 player)
Population
200
Speed
Normal
Resources
Standard
Victory
Conquest
Starting age
Dark Age
Ending age
Imperial Age
RankedLock teamsTeams togetherTeam positionsShared explorationLock speedFull tech treeHidden civsTurbo modeCheats
Victory
Defeat
🇺🇸 Bulgarians · United States
921
+11
🇫🇮 Maya · Finland
914
+11
🇺🇸 Ethiopians · United States
873
+13
🇲🇽 Turks · Mexico
840
+14
🇲🇽 Hindustanis · Mexico
1000
-63
🇲🇽 Mongols · Mexico
832
-13
🇲🇽 Sicilians · Mexico
692
-8
🇲🇽 Vietnamese · Mexico
677
-8
TKC0RRAD057
0:29 Loom
10:08 Feudal Age
10:43 Double-Bit Axe
12:30 Horse Collar
20:17 Castle Age
19:57 Scale Mail Armor
20:08 Forging
21:10 Gambesons
21:36 Squires
21:37 Gold Mining
22:01 Bow Saw
22:07 Heavy Plow
25:36 Stone Mining
27:21 Gold Shaft Mining
29:32 Wheelbarrow
32:43 Imperial Age
30:56 Stirrups
31:59 Stone Shaft Mining
34:47 Hand Cart
34:43 Bagains
34:36 Arson
35:04 Bloodlines
35:30 Scale Barding Armor
36:01 Iron Casting
39:59 Chemistry
39:05 Siege Engineers
38:59 Murder Holes
40:07 Crop Rotation
39:52 Husbandry
41:00 Pikeman
42:53 Elite Konnik
43:20 Halberdier
45:00 Conscription
46:27 Ballistics
46:32 Chain Barding Armor
47:29 Caravan
Fluvialgeomorphologist
12:06 Feudal Age
10:22 Loom
13:12 Double-Bit Axe
16:13 Castle Age
14:29 Horse Collar
17:39 Heavy Plow
19:51 Bow Saw
22:20 Wheelbarrow
25:06 Hand Cart
29:20 Imperial Age
26:56 Stone Mining
26:56 Gold Mining
28:15 Stone Shaft Mining
28:55 Thumb Ring
29:28 Town Watch
29:53 Capped Ram
31:17 Gold Shaft Mining
30:30 Light Cavalry
31:12 Husbandry
33:13 Onager
34:03 Siege Engineers
34:39 Elite Skirmisher
36:35 Chemistry
37:44 Conscription
37:48 Town Patrol
39:00 Two-Man Saw
38:25 Ballistics
38:52 Fletching
39:02 Padded Archer Armor
39:13 Forging
39:04 Scale Mail Armor
39:10 Scale Barding Armor
38:35 Hussar
39:41 Crossbowman
40:21 Bodkin Arrow
40:42 Leather Archer Armor
41:03 Iron Casting
42:21 Chain Barding Armor
42:02 Bracer
42:21 Heavy Camel Rider
43:16 Squires
45:02 Royal Heirs
45:15 Royal Heirs
47:50 Torsion Engines
50:40 Halberdier
Eli Correa 3950
11:09 Feudal Age
12:26 Wheelbarrow
15:32 Double-Bit Axe
19:11 Castle Age
18:50 Horse Collar
20:07 Hand Cart
21:51 Bow Saw
23:49 Gold Mining
23:49 Stone Mining
30:18 Imperial Age
30:12 Ballistics
30:18 Scale Barding Armor
30:24 Forging
30:05 Fletching
30:15 Padded Archer Armor
31:09 Gold Shaft Mining
30:58 Heavy Plow
32:14 Chain Barding Armor
32:30 Iron Casting
32:11 Leather Archer Armor
33:33 Conscription
34:43 Hoardings
34:23 Bloodlines
34:13 Husbandry
35:03 Plate Barding Armor
35:29 Blast Furnace
35:00 Ring Archer Armor
35:43 Two-Man Saw
Rölli
0:33 Loom
10:19 Feudal Age
22:31 Castle Age
21:27 Fletching
21:38 Padded Archer Armor
22:42 Crossbowman
24:18 Bodkin Arrow
24:42 Leather Archer Armor
26:18 Scale Mail Armor
27:53 Horse Collar
29:48 Ballistics
29:44 Pikeman
30:25 Squires
30:30 Double-Bit Axe
36:23 Imperial Age
34:14 Elite Skirmisher
37:18 Hul'che Javelineers
37:41 Conscription
37:47 Arbalester
39:54 Thumb Ring
40:38 Bow Saw
41:21 Bracer
45:45 Ring Archer Armor
45:30 Chain Mail Armor
45:26 Forging
45:17 Man-at-Arms
46:29 Long Swordsman
47:08 Two-Handed Swordsman
53:48 Plate Mail Armor
Hurrynd
13:13 Feudal Age
15:04 Loom
16:37 Fletching
16:42 Double-Bit Axe
19:23 Castle Age
17:27 Horse Collar
20:43 Gold Mining
23:45 Wheelbarrow
25:01 Bodkin Arrow
26:31 Padded Archer Armor
27:53 Thumb Ring
29:38 Gold Shaft Mining
29:18 Heavy Plow
30:49 Ballistics
30:25 Murder Holes
31:11 Leather Archer Armor
32:17 Hand Cart
32:20 Town Watch
37:26 Imperial Age
38:16 Nomads
38:44 Conscription
38:56 Parthian Tactics
39:33 Chemistry
38:42 Siege Engineers
39:39 Town Patrol
39:28 Elite Mangudai
41:54 Hoardings
42:46 Forging
42:37 Bracer
43:29 Bloodlines
43:19 Husbandry
Jaded
10:28 Feudal Age
15:50 Wheelbarrow
15:08 Double-Bit Axe
17:23 Gold Mining
20:29 Horse Collar
23:48 Castle Age
23:13 Scale Barding Armor
23:42 Stone Mining
24:51 Husbandry
26:22 Bloodlines
27:28 Bow Saw
27:18 Light Cavalry
30:15 Hand Cart
30:48 Gold Shaft Mining
30:51 Stone Shaft Mining
33:31 Caravan
36:08 Imperial Age
33:56 Grand Trunk Road
35:19 Scale Mail Armor
37:48 Loom
38:06 Heavy Plow
39:14 Conscription
41:03 Two-Man Saw
41:34 Chain Mail Armor
41:31 Forging
41:46 Elite Ghulam
50:43 Heavy Camel Rider
52:03 Iron Casting
checoc
4:48 Loom
15:30 Feudal Age
18:23 Wheelbarrow
17:34 Town Watch
26:05 Stone Mining
26:06 Gold Mining
29:05 Horse Collar
31:32 Castle Age
29:44 Double-Bit Axe
35:49 Hand Cart
36:07 Husbandry
40:10 Heavy Plow
42:50 Gold Shaft Mining
47:51 Imperial Age
50:18 Imperial Age
artanisz1
10:47 Loom
12:33 Feudal Age
14:10 Double-Bit Axe
15:28 Fletching
16:09 Horse Collar
23:22 Padded Archer Armor
24:26 Wheelbarrow
26:05 Castle Age
25:29 Stone Mining
26:14 Elite Skirmisher
27:38 Bow Saw
28:15 Wheelbarrow
27:59 Thumb Ring
28:08 Bodkin Arrow
28:28 Heavy Plow
31:40 Leather Archer Armor
34:50 Ballistics
36:24 Scale Mail Armor
39:02 Imperial Age
37:19 Hand Cart
36:26 Pikeman
38:22 Squires
39:13 Town Watch
39:11 Imperial Skirmisher
40:09 Halberdier
Connection lost

Rejoining the realm…

Still unreachable

The connection could not be restored.

Session expired

The server has moved on; the page needs a fresh start.